 Dungeon Crawl Stone Soup version 0.30-a0-627-gc11e7ae810 (webtiles) character file.

Game seed: 4521539515528185276

85789 Bnni the Basher (level 15, 0/122 HPs)
             Began as a Gnoll Cinder Acolyte on Jan 11, 2023.
             Was a Believer of Ignis.
             Slain by a wolf spider (3 damage)
             ... on level 3 of the Lair of Beasts on Jan 12, 2023.
             The game lasted 01:42:25 (28270 turns).

Bnni the Basher (Gnoll Cinder Acolyte)             Turns: 28270, Time: 01:42:26

Health: 0/122      AC: 35    Str: 18    XL:     15   Next: 85%
Magic:  12/30      EV: 16    Int: 17    God:    Ignis [**....]
Gold:   227        SH: 16    Dex: 14    Spells: 0/36 levels left

rFire   + . .      SeeInvis .    s - +1 demon whip (protect)
rCold   . . .      Faith    .    K - +0 kite shield
rNeg    + . .      Spirit   .    J - +1 steam dragon scales
rPois   +          Reflect  +    l - +0 helmet
rElec   .          Harm     .    E - +0 cloak {Stlth+}
rCorr   .          Rampage  .    u - +2 pair of gloves
Will    +....                    k - +0 pair of boots
Stlth   ++++++                   n - amulet of reflection
HPRegen 0.40/turn                y - ring of Midwinter {rPois rN+ Dex+7}
MPRegen 0.22/turn                w - +4 ring of protection

@: ice-armoured, spiked, under a protective aura
A: fangs 1, strong nose, distributed training
a: Renounce Religion, Fiery Armour, Foxfire Swarm


You were on level 3 of the Lair of Beasts.
You worshipped Ignis.
Ignis was pleased with you.
You visited 5 branches of the dungeon, and saw 24 of its levels.
You also visited: Bailey.

You collected 3127 gold pieces.
You spent 2900 gold pieces at shops.

Inventory:

Hand Weapons
 o - the +7 sceptre of Torment {pain, torment}
   (You bought it in a shop on level 11 of the Dungeon)

   It occasionally torments all nearby living foes when it strikes in combat.
 s - a +1 demon whip of protection (weapon)
Missiles
 c - 5 silver javelins
 t - 14 boomerangs (quivered)
 D - a curare-tipped dart
 P - 7 atropa-tipped darts
 X - a throwing net
 Z - 11 javelins
Armour
 k - a +0 pair of boots (worn)
 l - a +0 helmet (worn)
 u - a +2 pair of gloves (worn)
 E - a +0 cloak of stealth (worn)
 J - +1 steam dragon scales (worn)
 K - a +0 kite shield (worn)
Magical Staves
 r - a staff of fire
Jewellery
 n - an amulet of reflection (around neck)
 w - a +4 ring of protection (right hand)
 y - the ring of Midwinter (left hand) {rPois rN+ Dex+7}
   (You acquired it on level 14 of the Dungeon)

   [ring of positive energy]

   Dex:       It affects your dexterity (+7).
   rPois:     It protects you from poison.
   rN:        It protects you from negative energy.
 Q - a ring of resist corrosion
 Y - a ring of flight
Wands
 e - a wand of mindburst (26)
 g - a wand of digging (6)
 v - a wand of paralysis (17)
 x - a wand of quicksilver (12)
 V - a wand of roots (32)
Scrolls
 b - 2 scrolls of silence
 f - 4 scrolls of blinking {unknown}
 h - 5 scrolls of fog {unknown}
 i - a scroll of fear
 j - 5 scrolls of enchant weapon {unknown}
 A - a scroll of vulnerability
 C - 5 scrolls of magic mapping
 G - 2 scrolls of enchant armour
 L - 6 scrolls of immolation
 O - 9 scrolls of teleportation
 T - a scroll of butterflies
 U - 4 scrolls of poison
 W - 3 scrolls of amnesia
Potions
 d - 6 potions of haste {unknown}
 p - 6 potions of degeneration {unknown}
 q - 5 potions of mutation {unknown}
 z - 4 potions of flight
 B - a potion of might {unknown}
 H - a potion of resistance {unknown}
 I - 3 potions of lignification {unknown}
 M - 7 potions of curing
 N - 2 potions of brilliance
 R - 2 potions of magic {unknown}
 S - 3 potions of invisibility {unknown}
Miscellaneous
 F - a box of beasts


   Skills:
 + Level 12.5 Fighting
 + Level 10.8 Short Blades
 + Level 10.8 Long Blades
 + Level 10.8 Axes
 + Level 12.5 Maces & Flails
 + Level 10.8 Polearms
 + Level 10.8 Staves
 + Level 10.8 Ranged Weapons
 + Level 10.8 Throwing
 + Level 10.8 Armour
 + Level 10.8 Dodging
 + Level 10.8 Stealth
 + Level 10.8 Shields
 + Level 10.8 Unarmed Combat
 + Level 11.1 Spellcasting
 + Level 9.1 Conjurations
 + Level 9.1 Hexes
 + Level 9.1 Summonings
 + Level 9.1 Necromancy
 + Level 9.1 Translocations
 + Level 9.1 Transmutations
 + Level 10.6 Fire Magic
 + Level 9.1 Ice Magic
 + Level 9.1 Air Magic
 + Level 9.1 Earth Magic
 + Level 9.1 Poison Magic
 + Level 11.7 Invocations
 + Level 10.8 Evocations


You couldn't memorise any spells.
You knew the following spells:

 Your Spells              Type           Power      Damage    Failure   Level
a - Scorch                Fire           90%        2d10      1%          2
b - Passage of Golubria   Tloc           40%        N/A       3%          4
c - Ignite Poison         Fire/Tmut/Pois 42%        N/A       1%          3
d - Vhi's Electric Charg  Tloc/Air       80%        N/A       1%          3
e - Ozocubu's Armour      Ice            40%        N/A       1%          3
f - Manifold Assault      Tloc           40%        N/A       3%          4
g - Airstrike             Air            20%        2d(3-19)  3%          4
h - Borgnjor's Vile Clut  Necr/Erth      20%        N/A       11%         5
i - Fireball              Conj/Fire      21%        3d10      8%          5
s - Swiftness             Air            40%        N/A       1%          3

Your spell library contained the following spells:

 Spells                   Type           Power      Damage    Failure   Level
 Apportation              Tloc           80%        N/A       1%          1
 Beastly Appendage        Tmut           80%        N/A       1%          1
 Foxfire                  Conj/Fire      100%       2x1d9     1%          1
 Kiss of Death            Conj/Necr      100%       2d13      1%          1
 Necrotise                Necr           100%       1d9       1%          1
 Sandblast                Erth           80%        2d17      1%          1
 Shock                    Conj/Air       100%       1d9       1%          1
 Slow                     Hex            100%       N/A       1%          1
 Summon Small Mammal      Summ           100%       N/A       1%          1
 Blink                    Tloc           80%        N/A       1%          2
 Ensorcelled Hibernation  Hex/Ice        80%        N/A       1%          2
 Passwall                 Tmut/Erth      33%        N/A       1%          2
 Static Discharge         Conj/Air       80%        2-6/arc   1%          2
 Call Canine Familiar     Summ           40%        N/A       1%          3
 Confusing Touch          Hex            40%        N/A       1%          3
 Dazzling Flash           Conj/Hex       80%        N/A       1%          3
 Spider Form              Tmut/Pois      40%        N/A       1%          3
 Stone Arrow              Conj/Erth      80%        3d12      1%          3
 Summon Guardian Golem    Hex/Summ       40%        N/A       1%          3
 Vampiric Draining        Necr           40%        2d8       1%          3
 Sticky Flame             Conj/Fire      43%        2d6       2%          4
 Anguish                  Hex/Necr       20%        N/A       3%          4
 Dispel Undead            Necr           40%        3d16      3%          4
 Agony                    Necr           40%        N/A       11%         5
 Alistair's Intoxication  Tmut/Pois      26%        N/A       11%         5
 Arcjolt                  Conj/Air       20%        1d30      11%         5
 Metabolic Englaciation   Hex/Ice        20%        N/A       11%         5
 Silence                  Hex/Air        20%        N/A       11%         5
 Eringya's Noxious Bog    Tmut/Pois      20%        N/A       52%         6
 Iron Shot                Conj/Erth      20%        9d5       52%         6
 Simulacrum               Ice/Necr       20%        N/A       52%         6
 Statue Form              Tmut/Erth      26%        N/A       52%         6
 Orb of Destruction       Conj           20%        9d8       97%         7
 Storm Form               Tmut/Air       20%        N/A       97%         7
 Ignition                 Fire           22%        3d8       100%        8
 Lehudib's Crystal Spear  Conj/Erth      20%        10d6      100%        8
 Maxwell's Capacitive Co  Air            20%        ∞         100%        8


Dungeon Overview and Level Annotations

Branches:
Dungeon (15/15)            Temple (1/1) D:4            Lair (5/5) D:9
 Shoals (0/4) Lair:2       Spider (1/4) Lair:3        Slime (0/5) Lair:5
    Orc (2/2) D:11            Elf (0/3) Orc:2        Vaults (0/5) D:13
 Bailey (visited)
 Depths: D:15

Altars:
Ashenzari
Cheibriados
Dithmenos
Elyvilon
Fedhas
Gozag
Hepliaklqana
Kikubaaqudgha
Makhleb
Nemelex Xobeh
Okawaru
Qazlal
Ru
Sif Muna
Trog
Uskayaw
Vehumet
Wu Jian
Xom
Yredelemnul
Zin
The Shining One
Jiyva

Shops:
D:10 =   D:11 *   D:14 *   Orc:2 *[(?*([:

Portals:
Hell: Lair:5

Annotations:
D:4 2 runed translucent doors


Innate Abilities, Weirdness & Mutations

You have very sharp teeth.
Your uncanny sense of smell can sniff out nearby items.
Your experience applies equally to all skills.


Message History

Barbed spikes become lodged in your body.
There is a crawl-hole back to the Lair, spattered with blood here.
The barbs in your skin will harm you if you move.
Continue?
The wolf spider hits you! The wolf spider barely misses you.
The steelbarb worm hits you.
Barbed spikes become lodged in your body.
The wolf spider hits you!! The wolf spider bites you!
You block the steelbarb worm's attack. The wolf spider closely misses you.
You block the wolf spider's attack.
The barbed spikes dig painfully into your body as you move.
You climb upwards.
Welcome back to the Lair of Beasts!
There is a hole to the Spider Nest, spattered with blood here.
Casting: Ozocubu's Armour (safe; 1% risk of failure)
Confirm with . or Enter, or press ? or * to list all spells.
A film of ice covers your body! You block the wolf spider's attack. x2
The steelbarb worm hits you!!
Barbed spikes become lodged in your body.
You block the wolf spider's attack. The wolf spider misses you.
The steelbarb worm hits you but does no damage.
Your +1 demon whip of protection hums with potential!
s - a +1 demon whip of protection (weapon)
You block the wolf spider's attack. The wolf spider misses you.
You whack the wolf spider!
Your weapon exudes an aura of protection.
Your bite misses the wolf spider.
The wolf spider is heavily wounded.
The wolf spider closely misses you. You block the wolf spider's attack.
The steelbarb worm hits you!!
* * * LOW HITPOINT WARNING * * *
Barbed spikes become lodged in your body.
The wolf spider completely misses you. The wolf spider misses you.
The steelbarb worm hits you!
* * * LOW HITPOINT WARNING * * *
Barbed spikes become lodged in your body.
As you read the scroll labelled RISTRA IFAKA, it crumbles to dust.
The creatures around you are filled with an inner flame!
It was a scroll of immolation.
You block the wolf spider's attack. The wolf spider completely misses you.
The steelbarb worm misses you. The wolf spider hits you.
You die...

.....>....# ##............#
..........# #............#
..........####............#
............#.#^^#........#
..##..#.#.....##.#.^#.....#
#########...#.#####.#.....#
# #..#.#....###.....# ##
####....#..#...#^....#
.#####..#...##..@^#^^.....#
........####^#.w.s..##....#
........## #.####^^#......#
.........# #^#...##.#.....#
........## #.#^##..#......#
........#####.#.^.#.......#
.................#........#
.#........................#
.###...#...............####


You could see a steelbarb worm (berserk, inner flame) and a wolf spider
(berserk, inner flame).

Vanquished Creatures
  Kirke (D:14)
  A spark wasp (Spider:1)
  2 fire dragons (D:14)
  An entropy weaver (Spider:1)
  3 vault guards (D:13)
  An ogre mage (D:13)
  4 hydras
  4 centaur warriors
  6 boulder beetles
  2 catoblepae
  The ghost of M4edhros the Skirmisher, a journeyman OpAr of Cheibriados (D:11)
  6 two-headed ogres
  12 death yaks
  Urug (Lair:3)
  A sun demon (Lair:5)
  A skeletal warrior (D:14)
  A sun moth (Lair:3)
  A slime creature (D:12)
  2 wizards
  A deep elf archer (D:13)
  7 orc sorcerers (Orc:2)
  2 deep elf pyromancers (D:13)
  2 orc knights (D:13)
  A cyclops (shapeshifter) (D:14)
  A wolf spider (Lair:3)
  3 manticores
  5 ugly things
  17 elephants (Lair:5)
  2 cyclopes
  4 black mambas
  Joseph (D:7)
  An orange demon (Lair:5)
  A torpor snail (Lair:5)
  4 cane toads
  A smoke demon (Lair:5)
  2 gargoyles (D:13)
  7 rime drakes
  4 efreet
  2 kobold demonologists (D:11)
  19 komodo dragons
  A red devil (Lair:5)
  3 ice devils (Lair:5)
  3 trolls
  A hornet (D:8)
  2 tarantellas
  5 dream sheep (Lair:5)
  A culicivora (Spider:1)
  3 wraiths
  5 basilisks
  3 spriggans (Bailey)
  4 wyverns
  A vampire (D:11)
  A yak (shapeshifter) (D:14)
  A ynoxinul (D:11)
  42 yaks
  11 vampire mosquitoes
  A human (D:13)
  A steam dragon (D:8)
  4 hogs (D:14)
  3 redbacks
  8 wargs (Orc:2)
  2 acid dragons
  18 water moccasins
  4 hell hounds (Lair:5)
  15 orc warriors
  A sky beast (D:8)
  3 black bears
  12 wolves (Lair:5)
  10 ogres
  5 centaurs
  2 phantoms
  5 kobold brigands
  13 bullfrogs
  2 scorpions
  8 wights
  2 gnoll sergeants
  5 killer bees (D:9)
  2 electric eels
  7 howler monkeys
  17 jellies
  12 orc priests
  2 gnoll boudas (D:8)
  Crazy Yiuf (D:7)
  4 hounds
  Jessica (D:3)
  9 iguanas
  Terence (D:3)
  39 orc wizards
  4 hell rats (Lair:2)
  Ijyb (D:3)
  A statue (D:10)
  Robin (D:3)
  18 gnolls
  7 adders
  3 white imps
  4 worms
  2 dart slugs
  101 orcs
  6 endoplasms
  5 giant cockroaches
  11 goblins
  10 hobgoblins
  2 jackals (D:1)
  5 quokkas
  10 ball pythons
  5 bats
  3 frilled lizards
  17 kobolds
  4 rats
664 creatures vanquished.

Vanquished Creatures (collateral kills)
  3 ugly things (D:14)
  A wight (D:8)
4 creatures vanquished.

Vanquished Creatures (others)
  A shadow (D:13)
  2 gnolls (D:8)
  2 orcs (Orc:2)
  23 foxfires (D:13)
  12 fungi
  38 plants
78 creatures vanquished.

Grand Total: 746 creatures vanquished

Notes
Turn   | Place    | Note
-------+----------+-------------------------------------------
     0 | D:1      | Bnni the Gnoll Cinder Acolyte began the quest for the Orb.
     0 | D:1      | Reached XP level 1. HP: 23/23 MP: 4/4
   156 | D:1      | Reached XP level 2. HP: 20/29 MP: 5/5
   164 | D:1      | Learned a level 2 spell: Scorch
   859 | D:2      | Reached XP level 3. HP: 31/35 MP: 4/7
   861 | D:2      | Reached skill level 1 in Invocations
  1056 | D:2      | Reached skill level 1 in Short Blades
  1056 | D:2      | Reached skill level 1 in Long Blades
  1056 | D:2      | Reached skill level 1 in Axes
  1056 | D:2      | Reached skill level 1 in Polearms
  1056 | D:2      | Reached skill level 1 in Staves
  1056 | D:2      | Reached skill level 1 in Ranged Weapons
  1056 | D:2      | Reached skill level 1 in Throwing
  1056 | D:2      | Reached skill level 1 in Armour
  1056 | D:2      | Reached skill level 1 in Dodging
  1056 | D:2      | Reached skill level 1 in Stealth
  1056 | D:2      | Reached skill level 1 in Shields
  1056 | D:2      | Reached skill level 1 in Unarmed Combat
  1056 | D:2      | Reached skill level 1 in Evocations
  1085 | D:2      | Found a faded altar of an unknown god.
  1163 | D:2      | Reached XP level 4. HP: 41/41 MP: 8/8
  1214 | D:2      | Reached skill level 1 in Conjurations
  1214 | D:2      | Reached skill level 1 in Hexes
  1214 | D:2      | Reached skill level 1 in Summonings
  1214 | D:2      | Reached skill level 1 in Necromancy
  1214 | D:2      | Reached skill level 1 in Translocations
  1214 | D:2      | Reached skill level 1 in Transmutations
  1214 | D:2      | Reached skill level 1 in Ice Magic
  1214 | D:2      | Reached skill level 1 in Air Magic
  1214 | D:2      | Reached skill level 1 in Earth Magic
  1214 | D:2      | Reached skill level 1 in Poison Magic
  1670 | D:3      | Noticed Jessica
  1677 | D:3      | Killed Jessica
  1678 | D:3      | Reached XP level 5. HP: 47/47 MP: 4/9
  1744 | D:3      | Noticed Ijyb
  1753 | D:3      | Paralysed by Ijyb for 4 turns
  1757 | D:3      | Killed Ijyb
  1990 | D:3      | Noticed Terence
  2033 | D:3      | Killed Terence
  2287 | D:3      | Noticed Robin
  2304 | D:3      | Killed Robin
  2899 | D:4      | Found a large runed translucent door.
  2899 | D:4      | Found a large runed translucent door.
  2923 | D:4      | Noticed a phantom
  2926 | D:4      | Killed a phantom
  2927 | D:4      | Reached XP level 6. HP: 53/53 MP: 5/11
  3022 | D:4      | Found a staircase to the Ecumenical Temple.
  3036 | Temple   | Entered the Ecumenical Temple
  3426 | D:4      | Found a sparkling altar of Nemelex Xobeh.
  3889 | D:4      | Found a large runed translucent door.
  3889 | D:4      | Found a large runed translucent door.
  3906 | D:4      | Noticed an orc warrior
  3916 | D:4      | Killed an orc warrior
  3917 | D:4      | Reached XP level 7. HP: 48/60 MP: 2/12
  4613 | D:5      | Entered Level 5 of the Dungeon
  4809 | D:5      | Reached XP level 8. HP: 67/67 MP: 7/14
  4986 | D:5      | Found a hazy altar of Hepliaklqana.
  5158 | D:5      | Identified the +2 robe of Radumob {rElec}
  5402 | D:5      | Learned a level 3 spell: Swiftness
  6006 | D:6      | Reached XP level 9. HP: 61/73 MP: 3/16
  6340 | D:6      | Reached skill level 5 in Spellcasting
  6981 | D:7      | Found a flagged portal.
  7100 | Bailey   | Entered a bailey
  7146 | Bailey   | Reached skill level 5 in Invocations
  7183 | Bailey   | Noticed a two-headed ogre
  7201 | Bailey   | Killed a two-headed ogre
  7202 | Bailey   | Reached skill level 5 in Short Blades
  7202 | Bailey   | Reached skill level 5 in Long Blades
  7202 | Bailey   | Reached skill level 5 in Axes
  7202 | Bailey   | Reached skill level 5 in Polearms
  7202 | Bailey   | Reached skill level 5 in Staves
  7202 | Bailey   | Reached skill level 5 in Ranged Weapons
  7202 | Bailey   | Reached skill level 5 in Throwing
  7202 | Bailey   | Reached skill level 5 in Armour
  7202 | Bailey   | Reached skill level 5 in Dodging
  7202 | Bailey   | Reached skill level 5 in Stealth
  7202 | Bailey   | Reached skill level 5 in Shields
  7202 | Bailey   | Reached skill level 5 in Unarmed Combat
  7202 | Bailey   | Reached skill level 5 in Evocations
  7202 | Bailey   | Reached XP level 10. HP: 60/81 MP: 1/18
  7607 | D:7      | Found a glowing silver altar of Zin.
  7607 | D:7      | Found a shimmering altar of Xom.
  7607 | D:7      | Noticed an angel
  7651 | D:7      | Noticed Joseph
  7744 | D:7      | Killed Joseph
  8554 | D:7      | Found a runed translucent door.
  8555 | D:7      | Noticed Crazy Yiuf
  8562 | D:7      | Killed Crazy Yiuf
  8914 | D:8      | Noticed a seven-headed hydra
  8915 | D:8      | Noticed a centaur warrior
  8937 | D:8      | Noticed a manticore
  8952 | D:8      | Killed a manticore
  9014 | D:8      | Killed a centaur warrior
  9022 | D:8      | Killed a seven-headed hydra
  9043 | D:8      | Got Vehumet's Parchment of the Missiles
  9050 | D:8      | Learned a level 5 spell: Fireball
  9130 | D:8      | Reached skill level 5 in Conjurations
  9130 | D:8      | Reached skill level 5 in Hexes
  9130 | D:8      | Reached skill level 5 in Summonings
  9130 | D:8      | Reached skill level 5 in Necromancy
  9130 | D:8      | Reached skill level 5 in Translocations
  9130 | D:8      | Reached skill level 5 in Transmutations
  9130 | D:8      | Reached skill level 5 in Ice Magic
  9130 | D:8      | Reached skill level 5 in Air Magic
  9130 | D:8      | Reached skill level 5 in Earth Magic
  9130 | D:8      | Reached skill level 5 in Poison Magic
  9216 | D:8      | Found a snail-covered altar of Cheibriados.
  9281 | D:8      | Paralysed by a gnoll for 3 turns
  9310 | D:8      | Reached XP level 11. HP: 79/89 MP: 1/21
  9849 | D:9      | Noticed a two-headed ogre
  9866 | D:9      | Killed a two-headed ogre
  9884 | D:9      | Noticed a two-headed ogre
  9901 | D:9      | Killed a two-headed ogre
 10183 | D:9      | Found a staircase to the Lair.
 10213 | D:9      | Found a basalt altar of Yredelemnul.
 10213 | D:9      | Found a broken altar of Ashenzari.
 10749 | D:10     | Entered Level 10 of the Dungeon
 10749 | D:10     | Found Dusifiu's Jewellery Boutique.
 11474 | D:10     | Found a radiant altar of Vehumet.
 11528 | D:10     | Noticed a two-headed ogre
 11535 | D:10     | Killed a two-headed ogre
 11577 | D:10     | Found a shimmering blue altar of Sif Muna.
 12279 | D:11     | Noticed a sixfirhy
 12415 | D:11     | Found Qetop's Blasphemy Boutique.
 12422 | D:11     | Noticed a white ugly thing
 12490 | D:11     | Killed a white ugly thing
 12492 | D:11     | Bought a +1 demon whip of venom for 325 gold pieces
 12596 | D:11     | Found a runed translucent door.
 12596 | D:11     | Noticed M4edhros's ghost (journeyman OpAr)
 12815 | D:11     | Found a staircase to the Orcish Mines.
 12849 | D:11     | Reached XP level 12. HP: 97/97 MP: 23/23
 12865 | D:11     | Killed M4edhros's ghost
 12879 | D:11     | Got Uget's Compendium of the Crater
 12887 | D:11     | Learned a level 4 spell: Passage of Golubria
 12893 | D:11     | Learned a level 5 spell: Borgnjor's Vile Clutch
 12898 | D:11     | Learned a level 4 spell: Airstrike
 13426 | D:12     | Noticed a two-headed ogre
 13434 | D:12     | Killed a two-headed ogre
 13580 | D:12     | Noticed a boulder beetle
 13595 | D:12     | Killed a boulder beetle
 14209 | D:12     | Learned a level 3 spell: Ozocubu's Armour
 14305 | D:12     | Reached skill level 10 in Fighting
 14305 | D:12     | Reached skill level 10 in Maces & Flails
 14454 | D:13     | Noticed a centaur warrior
 14464 | D:13     | Killed a centaur warrior
 14540 | D:13     | Noticed a centaur warrior
 14553 | D:13     | Killed a centaur warrior
 15208 | D:13     | Noticed a boulder beetle
 15230 | D:13     | Killed a boulder beetle
 15478 | D:13     | Noticed an ogre mage
 15491 | D:13     | Killed an ogre mage
 15613 | D:13     | Noticed a vault guard
 15617 | D:13     | Noticed a vault guard
 15634 | D:13     | Killed a vault guard
 15635 | D:13     | Reached XP level 13. HP: 82/104 MP: 12/25
 15637 | D:13     | Noticed a vault guard
 15655 | D:13     | Killed a vault guard
 15920 | D:13     | Killed a vault guard
 15970 | D:13     | Found a gate to the Vaults.
 16883 | D:14     | Noticed Kirke
 17016 | D:14     | Found Riosamy's Assorted Antiques.
 17046 | D:14     | Bought a scroll labelled RISTRA IFAKA for 35 gold pieces
 17506 | D:14     | Noticed a fire dragon
 17533 | D:14     | Killed a fire dragon
 18034 | D:14     | Identified a scroll of acquirement
 18035 | D:14     | Acquired the ring of Midwinter {rPois rN+ Dex+7}
 18079 | D:14     | Noticed a fire dragon
 18102 | D:14     | Killed a fire dragon
 18529 | D:14     | Noticed a sphinx
 18532 | D:14     | Killed Kirke
 18626 | D:15     | Entered Level 15 of the Dungeon
 18830 | Lair:1   | Entered Level 1 of the Lair of Beasts
 19090 | Lair:1   | Reached skill level 10 in Invocations
 19090 | Lair:1   | Reached XP level 14. HP: 64/113 MP: 25/27
 19103 | Lair:1   | HP: 3/113 [death yak (19)]
 20480 | Lair:2   | Found a staircase to the Shoals.
 21206 | Lair:3   | Noticed Urug
 21217 | Lair:3   | Killed Urug
 21218 | Lair:3   | Reached skill level 10 in Spellcasting
 21816 | Lair:3   | Found a hole to the Spider Nest.
 22206 | Lair:3   | Learned a level 3 spell: Ignite Poison
 22366 | Lair:4   | Acquired 952 gold pieces
 22563 | D:11     | Bought the +7 sceptre of Torment {pain, torment} for 1560
                  | gold pieces
 22563 | D:11     | Found the +7 sceptre of Torment {pain, torment}
 23836 | Lair:5   | Entered Level 5 of the Lair of Beasts
 24037 | Lair:5   | Reached skill level 10 in Fire Magic
 24065 | Lair:5   | Reached skill level 10 in Short Blades
 24065 | Lair:5   | Reached skill level 10 in Long Blades
 24065 | Lair:5   | Reached skill level 10 in Axes
 24065 | Lair:5   | Reached skill level 10 in Polearms
 24065 | Lair:5   | Reached skill level 10 in Staves
 24065 | Lair:5   | Reached skill level 10 in Ranged Weapons
 24065 | Lair:5   | Reached skill level 10 in Throwing
 24065 | Lair:5   | Reached skill level 10 in Armour
 24065 | Lair:5   | Reached skill level 10 in Dodging
 24065 | Lair:5   | Reached skill level 10 in Stealth
 24065 | Lair:5   | Reached skill level 10 in Shields
 24065 | Lair:5   | Reached skill level 10 in Unarmed Combat
 24065 | Lair:5   | Reached skill level 10 in Evocations
 24355 | Lair:5   | Reached XP level 15. HP: 120/120 MP: 29/29
 24687 | Lair:5   | Found a viscous altar of Jiyva.
 24687 | Lair:5   | Found a staircase to the Slime Pits.
 25386 | Lair:5   | Found a burning altar of Makhleb.
 25899 | Lair:5   | Found a gateway to Hell.
 25955 | Lair:5   | Got A Tutorial on Willworking
 26202 | Orc:1    | Entered Level 1 of the Orcish Mines
 26425 | Orc:2    | Entered Level 2 of the Orcish Mines
 26439 | Orc:2    | Found Sediutuh's Magic Scroll Boutique.
 26485 | Orc:2    | HP: 5/122 [orange demon[an orc sorcerer] (8)]
 26556 | Orc:2    | Found Kuohusid's Armour Shoppe.
 26739 | Orc:2    | Found Xoxymm's Book Boutique.
 26837 | Orc:2    | Found Upset's Antique Weapon Emporium.
 26996 | Orc:2    | Upgraded the game from 0.30-a0-626-gd6a5dd7a1f to
                  | 0.30-a0-627-gc11e7ae810
 27009 | Orc:2    | Found Hananera's General Store.
 27009 | Orc:2    | Found Muihieg's Antique Armour Shoppe.
 27128 | Orc:2    | Found a staircase to the Elven Halls.
 27205 | Orc:2    | Found Woenotev's Assorted Antiques.
 27205 | Orc:2    | Found Iczopn's Weapon Shoppe.
 27325 | Orc:2    | Bought Maxwell's Memoranda for 532 gold pieces
 27325 | Orc:2    | Bought an Inescapable Atlas for 448 gold pieces
 27329 | Orc:2    | Learned a level 3 spell: Vhi's Electric Charge
 27334 | Orc:2    | Learned a level 4 spell: Manifold Assault
 27784 | Spider:1 | Entered Level 1 of the Spider Nest
 28269 | Lair:3   | HP: 2/122 [steelbarb worm (16)]
 28270 | Lair:3   | Slain by a wolf spider

Illustrated notes

Levels and vault maps discovered:
D:1:      saegor_arrival_under_anarchy, layout_basic
D:2:      layout_loops_ring, ebering_ecumenical_altar_rust
D:3:      layout_basic, serial_corexii_hall, chequers_hall_statues_y,
          chequers_hall_statues_y, uniq_terence, uniq_robin, uniq_jessica,
          uniq_ijyb
D:4:      layout_loops_corners, nemelex_xobeh_ov_fountains_minmay,
          minmay_temple_entry_offerings, minmay_hollow_rounded_squares
D:5:      layout_cave_pools, mainiacjoe_overflow_chevrons
D:6:      layout_loops_ring
D:7:      layout_loops_ring, grunt_temple_overflow_order_and_chaos_1,
          enter_bailey_5, uniq_joseph, uniq_crazy_yiuf_cottage
D:8:      minmay_blocky_corners, layout_basic, kennysheep_slug_shrine
D:9:      layout_big_octagon, mainiacjoe_overflow_divided_tiny,
          roderic_lattice_a, grunt_decor_resistance
D:10:     layout_basic, vehumet_statue, mainiacjoe_overflow_alcove_1,
          serial_shops, shop
D:11:     layout_loops_ring, hiddenorc1_lemuel, hellmonk_ghost_big_iron,
          hangedman_decor_lopped, nrook_uturn, nicolae_evil_shop
D:12:     layout_loops_corners
D:13:     layout_basic, grunt_vaults_entry_fortified,
          chequers_serial_rivers_small_a, grunt_decor_one_mirror,
          hangedman_decor_diamond_cutter
D:14:     layout_stronghold, nicolae_cairo_tiling, serial_shops,
          nicolae_shop_overgrown_old_shop, uniq_kirke
D:15:     gammafunk_depths_entry_grave, layout_layer_cave
Temple:   nicolae_temple_figure_eight
Lair:1:   layout_misc_corridors, serial_bayou, serial_bayou_shore_b,
          serial_bayou_ford_a, serial_bayou_crossing, serial_bayou_shore_b,
          serial_bayou_pond_a, serial_bayou_pond_c, lemuel_fruit_tree,
          infiniplex_staircase_pool
Lair:2:   layout_long_grid, shoals_dummy_entry
Lair:3:   beast_lair_carwin_large_4, layout_cellular_growth,
          spider_nest_entry_rubble, uniq_urug
Lair:4:   layout_layer_cave
Lair:5:   evil_forest, layout_gridlike, minmay_slime_entry_jelly_boxes,
          serial_bayou_shore_a
Spider:1: cheibrodos_spider_deadly_dance, uniq_agnes
Orc:1:    layout_caves, uniq_erica
Orc:2:    st_orc_town, layout_diamond_mine, serial_shops,
          nicolae_shop_waterfront, shop, nicolae_shop_stone, shop

Skill      XL: |  1  2  3  4  5  6  7  8  9 10 11 12 13 14 15 |
---------------+----------------------------------------------+-----
Invocations    | 1 2 3 4 5 6 7 8 10 11 | 11.7
Short Blades   | 1 2 3 5 6 7 8 9 10 | 10.8
Long Blades    | 1 2 3 5 6 7 8 9 10 | 10.8
Axes           | 1 2 3 5 6 7 8 9 10 | 10.8
Polearms       | 1 2 3 5 6 7 8 9 10 | 10.8
Staves         | 1 2 3 5 6 7 8 9 10 | 10.8
Ranged Weapons | 1 2 3 5 6 7 8 9 10 | 10.8
Throwing       | 1 2 3 5 6 7 8 9 10 | 10.8
Armour         | 1 2 3 5 6 7 8 9 10 | 10.8
Dodging        | 1 2 3 5 6 7 8 9 10 | 10.8
Stealth        | 1 2 3 5 6 7 8 9 10 | 10.8
Shields        | 1 2 3 5 6 7 8 9 10 | 10.8
Unarmed Combat | 1 2 3 5 6 7 8 9 10 | 10.8
Evocations     | 1 2 3 5 6 7 8 9 10 | 10.8
Spellcasting   | 3 4 5 6 7 8 9 10 11 | 11.1
Conjurations   | 1 2 3 4 5 6 7 8 9 |  9.1
Hexes          | 1 2 3 4 5 6 7 8 9 |  9.1
Summonings     | 1 2 3 4 5 6 7 8 9 |  9.1
Necromancy     | 1 2 3 4 5 6 7 8 9 |  9.1
Translocations | 1 2 3 4 5 6 7 8 9 |  9.1
Transmutations | 1 2 3 4 5 6 7 8 9 |  9.1
Ice Magic      | 1 2 3 4 5 6 7 8 9 |  9.1
Air Magic      | 1 2 3 4 5 6 7 8 9 |  9.1
Earth Magic    | 1 2 3 4 5 6 7 8 9 |  9.1
Poison Magic   | 1 2 3 4 5 6 7 8 9 |  9.1
Fighting       | 7 8 9 10 11 12 | 12.5
Maces & Flails | 7 8 9 10 11 12 | 12.5
Fire Magic     | 6 7 8 9 10 | 10.6

Action                   |  1- 3 |  4- 6 |  7- 9 | 10-12 | 13-15 || total
-------------------------+-------+-------+-------+-------+-------++-------
Melee: Mace              |    95 |    27 |       |    14 |       ||   136
       Bite              |     8 |     4 |    18 |    72 |   185 ||   287
       Punch             |     4 |       |     6 |       |       ||    10
       Whip              |       |    72 |   215 |   218 |       ||   505
       Unarmed           |       |     3 |       |       |     4 ||     7
       Demon whip        |       |       |       |   266 |   753 ||  1019
       Hand axe          |       |       |       |    29 |       ||    29
       Scimitar          |       |       |       |    14 |       ||    14
       Eveningstar       |       |       |       |       |   479 ||   479
Throw: Javelin           |     2 |       |       |       |     1 ||     3
       Boomerang         |       |       |     2 |    57 |    28 ||    87
       Dart              |       |       |     1 |     4 |     3 ||     8
 Cast: Scorch            |     7 |    34 |    93 |   189 |    50 ||   373
       Fireball          |       |       |       |     6 |    20 ||    26
       Ozocubu's Armour  |       |       |       |     3 |    20 ||    23
       Borgnjor's Vile C |       |       |       |     1 |     9 ||    10
       Passage of Golubr |       |       |       |       |     2 ||     2
       Airstrike         |       |       |       |       |     4 ||     4
       Vhi's Electric Ch |       |       |       |       |     2 ||     2
       Swiftness         |       |       |       |       |     1 ||     1
Invok: Fiery Armour      |       |       |     2 |     2 |     3 ||     7
       Foxfire Swarm     |       |       |       |     1 |       ||     1
       Rising Flame      |       |       |       |       |     1 ||     1
Evoke: Box of beasts     |       |       |       |     1 |     1 ||     2
       Wand              |       |       |       |     1 |       ||     1
  Use: Scroll            |       |       |     6 |     7 |     8 ||    21
       Potion            |       |       |     2 |     3 |     7 ||    12
 Stab: Sleeping          |     1 |       |     2 |     2 |    24 ||    29
       Distracted        |       |       |       |     1 |    10 ||    11
       Invisible         |       |       |       |     1 |       ||     1
       Fleeing           |       |       |       |       |     1 ||     1
Armor: Robe              |    23 |       |    36 |       |       ||    59
       Ring mail         |     8 |    35 |    48 |       |       ||    91
       Plate armour      |       |       |     1 |       |       ||     1
       Steam dragon scal |       |       |       |   278 |   490 ||   768
Dodge: Dodged            |    56 |    35 |    89 |   294 |   594 ||  1068
Block: Other             |     6 |    16 |    46 |       |     1 ||    69
       Reflection        |       |     1 |     3 |    13 |    13 ||    30
       Buckler           |       |       |       |   311 |     9 ||   320
       Kite shield       |       |       |       |       |   934 ||   934

Table legend: (Time is in decaauts)
 A = Elapsed time spent in this place.
 B = Non-inter-level travel time spent in this place.
 C = Inter-level travel time spent in this place.
 D = Time resting spent in this place.
 E = Time spent auto-exploring this place.
 F = Levels seen in this place.
 G = Mean time per level.
                   A        B        C        D        E       F      G
               +--------+--------+--------+--------+--------+-----+--------+
         Total |  27879 |  26275 |   1604 |   3043 |  18125 |  25 | 1115.2 |
       Dungeon |  18225 |  17245 |    980 |   2097 |  12056 |  15 | 1215.0 |
        Temple |    219 |    194 |     25 |      0 |    192 |   1 |  219.0 |
          Lair |   7163 |   6621 |    542 |    552 |   4667 |   5 | 1432.6 |
   Spider Nest |    399 |    399 |      0 |    230 |    101 |   1 |  399.0 |
  Orcish Mines |   1407 |   1351 |     56 |      0 |    898 |   2 |  703.5 |
        Bailey |    463 |    463 |      0 |    164 |    209 |   1 |  463.0 |
               +--------+--------+--------+--------+--------+-----+--------+

Top non-repeatable levels by time:
    D:13: 2375 daAuts
  Lair:5: 2177 daAuts
    D:14: 1762 daAuts
     D:4: 1473 daAuts
    D:11: 1467 daAuts
  Lair:1: 1439 daAuts
     D:3: 1396 daAuts
  Lair:3: 1358 daAuts
     D:6: 1301 daAuts
     D:8: 1277 daAuts
     D:7: 1267 daAuts
    D:10: 1251 daAuts
  Lair:4: 1215 daAuts
   Orc:2: 1179 daAuts
    D:12: 1147 daAuts
